 Dungeon Crawl Stone Soup version bcrawl-1.27.6 (webtiles) character file.

Game seed: 7432621658416663882

117342 Krehm the Shield-Bearer (level 3, 0/23 HPs)
             Began as a Skeleton Fighter on Oct 1, 2020.
             Slain by an iguana (2 damage)
             ... on level 2 of the Dungeon.
             The game lasted 00:02:14 (981 turns).

Krehm the Shield-Bearer (Skeleton Fighter)           Turns: 981, Time: 00:02:15

Health: 0/23       AC:  6    Str: 23      XL:     3   Next: 12%
Magic:  0/3        EV:  6    Int:  6      God:
Gold:   94         SH:  9    Dex:  7 (8)  Spells: 2/2 levels left

rFire    . . .     SeeInvis +   a - +0 war axe
rCold    + . .     Gourm    .   c - +0 medium shield
rNeg     + + +     Faith    .   b - +0 scale mail
rPois    ∞         Spirit   +   (no helmet)
rElec    .         Reflect  .   (no cloak)
rCorr    .         Harm     .   (no gloves)
MR       .....                  (no boots)
Stlth    ..........             (no amulet)
HPRegen  0.07/turn              e - ring of see invisible
MPRegen  0.08/turn              (no ring)

@: no status effects
A: no food or potions, cold resistance 1, deterioration 1, negative energy
resistance 3, torment resistance, unbreathing, magic shield, sturdy frame 1,
spell healing
a: no special abilities


You were on level 2 of the Dungeon.
You were not hungry.

You visited 1 branch of the dungeon, and saw 2 of its levels.

You collected 94 gold pieces.

Inventory:

Hand Weapons
 a - a +0 war axe (weapon)
Missiles
 g - 66 poisoned needles
Armour
 b - a +0 scale mail (worn)
 c - a +0 medium shield (worn)
Jewellery
 e - a ring of see invisible (left hand)
Scrolls
 d - 2 scrolls of remove curse {unknown}
 f - 2 scrolls of identify
 h - a scroll of teleportation {unknown}


   Skills:
 + Level 3.5 Fighting
 + Level 3.2 Axes
 - Level 3.2 Armour
 + Level 4.1 Shields


You had 2 spell levels left.
You didn't know any spells.
Your spell library was empty.

Dungeon Overview and Level Annotations

Branches:
Dungeon (2/12)

Altars:


Innate Abilities, Weirdness & Mutations

You do not eat or drink.
You are immune to poison.
Your flesh is cold resistant. (rC+)
Your body sometimes deteriorates upon taking damage.
You are immune to negative energy. (rN+++)
You are immune to unholy pain and torment.
You can survive without breathing.
When hurt, damage is shared between your health and your magic reserves.
Your movements are slightly less encumbered by armour. (ER -2)
Casting spells heals you.


Message History

The bat hits you. The bat hits you but does no damage.
The bat hits you but does no damage. The bat closely misses you.
You are too injured to fight recklessly!
You are too injured to fight recklessly!
You are too injured to fight recklessly!
You miss the bat. You closely miss the bat. You block the bat's attack.
The bat hits you but does no damage. x2; You block the bat's attack.
You miss the bat. You slash the hobgoblin!
You kill the hobgoblin!
You block the bat's attack. x2; The bat barely misses you. x2
The bat hits you but does no damage. x2
You closely miss the bat. You hit the bat. You block the bat's attack. x2
The bat barely misses you.
You barely miss the bat.
Your shield and scale mail prevent you from hitting the iguana.
You closely miss the bat. You block the bat's attack. The bat hits you.
The bat hits you but does no damage. The iguana bites you.
* * * LOW HITPOINT WARNING * * *
The iguana bites you.
You die...

##### #...#....#
#...# #...#... †...#
##..... #...# #...)#
##.## #. #....# ...#
#...#..†.####.. ####
.......$†...... #
#######l####### #
#...#@b..# #
#########.##.##.# #
#.......#.##b##.#
#####.#####.#.......#
............>....####
#####.#####.######
#.......# #########


You could see an iguana and 2 bats.

Vanquished Creatures
  A worm (D:1)
  A dart slug (D:1)
  A leopard gecko (D:2)
  3 bats
  3 giant cockroaches (D:1)
  4 goblins
  3 hobgoblins
  3 kobolds (D:1)
  2 frilled lizards (D:1)
  5 rats
26 creatures vanquished.

Notes
Turn   | Place    | Note
-------+----------+-------------------------------------------
     0 | D:1      | Krehm the Skeleton Fighter began the quest for the Orb.
     0 | D:1      | Reached XP level 1. HP: 14/14 MP: 1/1
   186 | D:1      | Reached XP level 2. HP: 19/19 MP: 2/2
   224 | D:1      | Reached skill level 4 in Shields
   911 | D:2      | Reached XP level 3. HP: 23/23 MP: 3/3
   981 | D:2      | Slain by an iguana

Skill      XL: |  1  2 |
---------------+-------+-----
Axes           | 3 |  3.2
Shields        | 4 |  4.1
Fighting       | |  3.5
Armour         | |  3.2

Action                   || total
-------------------------++-------
Melee: War axe           ||    87
Armor: Scale mail        ||    51
Dodge: Dodged            ||    32
Block: Medium shield     ||    64
